Map: 亚历山大港 - 天梯版

Players

GogojOey - Winner!

  • Race: Zerg Zerg

yohilo

  • Race: Terran Terran
  • League: Bronze

Event: WESG 2018 Grand Finals

VOD

Have the link to the VOD?

Description

Time

  • Played on: March 12, 2019, 12:59 a.m.
  • Length: 6:13

All games in this series

Show
View Real Time Build Order
Export as new Build Order

GogojOey Zerg - Winner!

Build Orders: Hatch First 

Get SALT Encoding   

  12  0:00  Drone  
  13  0:13  Overlord  
  13  0:18  Drone  
  14  0:31  Drone x2  
  14  0:35  Drone  
  17  0:54  Drone  
  18  0:59  Hatchery  
  18  1:01  Drone  
  18  1:07  Extractor  
  17  1:15  Spawning Pool  
  17  1:18  Drone  
  17  1:21  Drone  
  18  1:30  Drone  
  19  1:39  Overlord  
  19  1:50  Drone  
  20  2:02  Queen  
  20  2:03  Zergling x2  
  23  2:11  Queen, Zergling x4  
  23  2:13  Metabolic Boost  
  27  2:23  Drone x2  
  29  2:32  Drone  
  29  2:33  Drone  
  31  2:44  Queen  
  31  2:47  Overlord  
  31  2:48  Drone  
  31  2:50  Queen  
  36  3:02  Overlord  
  36  3:08  Drone x2  
  36  3:09  Drone  
  36  3:12  Drone x2  
  41  3:16  Drone x2  
  42  3:28  Hatchery  
  42  3:31  Drone x3  
  43  3:36  Drone x2  
  45  3:45  Zergling x4  
  46  3:55  Overlord x2  
  46  3:57  Zergling x6  
  46  4:00  Drone, Extractor  
  49  4:05  Drone  
  49  4:06  Drone x2  
  49  4:09  Evolution Chamber  
  51  4:12  Overlord  
  51  4:16  Zergling x4  
  52  4:20  Queen, Baneling Nest  
  52  4:23  Queen  
  55  4:27  Overlord  
  55  4:28  Zergling x2  
  56  4:31  Zergling x2  
  56  4:32  Zergling x6  
  60  4:44  Queen  
  60  4:46  Drone  
  60  4:47  Drone x2  
  60  4:50  Zergling x4  
  65  4:54  Zergling x4  
  65  4:58  Zergling x4  
  67  5:05  Zergling x10  
  72  5:13  Zergling x4  
  71  5:18  Zergling x2  
  71  5:19  Zergling x12  
  75  5:25  Zergling x6  
  78  5:30  Baneling  
  78  5:31  Baneling x7  
  78  5:35  Zergling x6  
  80  5:39  Zergling x4  
  82  5:43  Overlord x2  
  79  5:51  Overlord  
Show
View Real Time Build Order
Export as new Build Order

yohilo Terran 

Build Orders:  

Get SALT Encoding   

  12  0:00  SCV  
  13  0:13  SCV  
  14  0:23  Supply Depot  
  14  0:25  SCV  
  15  0:44  SCV  
  15  0:46  Refinery  
  16  0:57  SCV  
  17  0:58  Barracks  
  17  1:09  SCV  
  18  1:21  SCV  
  19  1:30  Refinery  
  19  1:33  SCV  
  19  1:34  Supply Depot  
  20  1:45  SCV  
  21  1:52  Factory  
  21  1:57  SCV  
  21  1:59  Barracks Tech Lab  
  22  2:09  SCV  
  22  2:14  Barracks  
  23  2:18  Marine  
  23  2:21  SCV  
  26  2:38  Orbital Command  
  25  2:44  Barracks  
  25  2:52  Siege Tank  
  25  2:54  Marine  
  29  3:08  Marine  
  29  3:12  Marine  
  31  3:23  Supply Depot, SCV  
  31  3:25  Marine  
  31  3:30  Marine  
  31  3:31  Marine  
  33  3:43  Marine  
  33  3:47  Marine  
  34  3:49  Marine  
  34  3:54  Supply Depot, SCV  
  36  4:01  Marine  
  37  4:05  Marine  
  37  4:07  Marine  
  39  4:14  SCV  
  40  4:17  Siege Tank  
  40  4:19  Marine  
  40  4:23  Marine  
  45  4:25  Marine  
  46  4:37  Marine  
  47  4:41  Marine  
  47  4:43  Marine  
  42  4:49  Siege Tank  
  41  5:01  Marine  
  41  5:02  Marine x2  
  42  5:19  Marine  
  39  5:21  Siege Tank  
  37  5:39  Marine  
  38  5:43  Marine x2  
Tags
 
Add a new tag
Caveats
  • Supply blocks, unpowered buildings, or Contaminate may cause inaccurate times.
  • Supply counts are checked every 10 seconds.